 Dungeon Crawl Stone Soup version 0.30.1-11-g7821555f0a (webtiles) character file.

Game seed: 1805862558973809301

171 KittyFluff the Cudgeller (level 5, -1/33 HPs)
             Began as a Gargoyle Berserker on Nov 4, 2023.
             Was a Believer of Trog.
             Slain by lonewolfV2's ghost (6 damage)
             ... on level 3 of the Dungeon.
             The game lasted 00:09:45 (2416 turns).

KittyFluff the Cudgeller (Gargoyle Berserker)       Turns: 2416, Time: 00:09:50

Health: -1/33      AC:  8    Str: 23    XL:     5   Next: 51%
Magic:  5/5        EV: 11    Int:  7    God:    Trog [**....]
Gold:   20         SH:  0    Dex:  9    Spells: 4/4 levels left

rFire   . . .        a - +0 mace
rCold   . . .        m - orb {light}
rNeg    + . .        s - +0 leather armour
rPois   ∞            k - +0 helmet
rElec   +            (no cloak)
rCorr   .            (no gloves)
SInv    .            (no boots)
Will    .....        (no amulet)
Stlth   +            (no ring)
HPRegen 0.25/turn    (no ring)
MPRegen 0.09/turn

%: no passive effects
@: glowing
A: sickness immunity, AC +4, negative energy resistance 1, electricity
resistance, torment resistance 1, petrification resistance
a: Renounce Religion, Berserk, Trog's Hand


You were on level 3 of the Dungeon.
You worshipped Trog.
Trog was pleased with you.
You visited 1 branch of the dungeon, and saw 4 of its levels.

You collected 188 gold pieces.
You spent 168 gold pieces at shops.

Inventory:

Hand Weapons
 a - a +0 mace (weapon)
Armour
 k - a +0 helmet (worn)
 m - an orb of light (worn)
 s - a +0 leather armour (worn)
Scrolls
 e - 3 scrolls of enchant weapon {unknown}
 g - a scroll of poison
 h - a scroll of acquirement {unknown}
 i - 2 scrolls of fear {unknown}
 j - a scroll of torment {unknown}
 p - a scroll of fog
 r - a scroll of enchant armour
Potions
 c - 3 potions of berserk rage
 d - 2 potions of might
 f - a potion of heal wounds
 n - a potion of degeneration {unknown}
 t - a potion of attraction {unknown}


   Skills:
 + Level 4.0 Fighting
 * Level 4.2 Maces & Flails
 * Level 3.8 Armour
 + Level 2.3 Dodging


You had 4 spell levels left.
You didn't know any spells.
Your spell library was empty.

Dungeon Overview and Level Annotations

Branches:
Dungeon (4/15)
 Temple: D:4-7

Altars:
Xom

Shops:
D:3 ?

Annotations:
D:3 1 transporter, lonewolfV2's ghost, amateur OpTm


Innate Abilities, Weirdness & Mutations

You are immune to sickness and miasma.
Your stone body is resilient. (AC +4)
You are immune to poison.
You resist negative energy. (rN+)
You are resistant to electric shocks. (rElec)
You are resistant to unholy torment.
You are immune to petrification.


Message History

d - 2 potions of might
As you read the scroll of identify, it crumbles to dust.
f - a potion of heal wounds
Okay, then.
You climb upwards.
Level annotation: 2 transporters, lonewolfV2's ghost, amateur OpTm
There is a stone staircase leading down here.
There is an entrance to Acriugu's Magic Scroll Boutique here.
g - 2 scrolls of poison (gained 1);
l - a scroll of identify
l - 2 scrolls of identify (gained 1);
l - 3 scrolls of identify (gained 1)
l - 4 scrolls of identify (gained 1) Thank you for shopping at Acriugu's Magic Scroll Boutique!
There is a stone staircase leading down here.
The ogre shouts! x2; You hear a shout!
As you read the scroll of identify, it crumbles to dust.
r - a scroll of enchant armour
As you read the scroll of identify, it crumbles to dust.
q - a scroll of noise
As you read the scroll of identify, it crumbles to dust.
p - a scroll of fog
As you read the scroll of identify, it crumbles to dust.
o - a scroll of amnesia You drop a potion of brilliance.
You drop a scroll of amnesia.
You drop a scroll of noise.
There is a transporter here.
You enter the transporter and appear at another place.
The air fills with toxic fumes!
As you read the scroll of poison, it crumbles to dust.
You sock the ogre!
The ogre is moderately wounded.
LonewolfV2's ghost hits you but does no damage.
The ogre hits you with the +2 great mace "Death Rattle" {elec, +Blink rPois Int-5 Dex-2}!
You hit the ogre.
The ogre is heavily wounded.
LonewolfV2's ghost barely misses you.
The ogre hits you with the +2 great mace "Death Rattle" {elec, +Blink rPois Int-5 Dex-2}!
* * * LOW HITPOINT WARNING * * *
LonewolfV2's ghost hits you.
You die...

#.##.# #............. ..)..#
#.###.......## ###..# #.#
#.......>. # ..# #.# #.......##
###.# #.# ####.##### ....# ##.#
#.# #.### #..# #.##
#.#################### #..#
#.......#§☼○☼§©O@§§○# ##.###
#.#######☼☼##☼§W##○§########...#
..# #.#§☼#☼#..#.#........#.#
#.#######.#§.#O#..#.######.#...#
#.......#..##.O.##..######.#..##
(.#######©...§[.....#.........###
#.# ###################.......
#.# #.....©.©.....#####.#..###
#.# #......?...............#


You could see 2 ogres and lonewolfV2's ghost.

Vanquished Creatures
  Jessica (D:2)
  Natasha (D:2)
  4 gnolls (D:2)
  2 adders
  2 dart slugs
  3 orcs (D:3)
  5 ball pythons
  7 bats
  7 endoplasms
  2 giant cockroaches
  4 goblins (D:1)
  5 hobgoblins
  4 quokkas
  3 frilled lizards
  6 kobolds
56 creatures vanquished.

Notes
Turn   | Place    | Note
-------+----------+-------------------------------------------
     0 | D:1      | KittyFluff the Gargoyle Berserker began the quest for the
                  | Orb.
     0 | D:1      | Reached XP level 1. HP: 14/14 MP: 1/1
   134 | D:1      | Reached XP level 2. HP: 19/19 MP: 2/2
   155 | D:1      | Found a faded altar of an unknown god.
   773 | D:1      | Reached XP level 3. HP: 23/23 MP: 3/3
   965 | D:2      | Reached ** piety under Trog
   997 | D:2      | Found a shimmering altar of Xom.
  1284 | D:2      | Noticed Jessica
  1296 | D:2      | Killed Jessica
  1297 | D:2      | Reached XP level 4. HP: 24/29 MP: 4/4
  1509 | D:2      | Noticed Natasha
  1516 | D:2      | Killed Natasha
  1517 | D:2      | Reached XP level 5. HP: 17/33 MP: 5/5
  2041 | D:3      | Found a transporter.
  2042 | D:3      | Noticed lonewolfV2's ghost (amateur OpTm)
  2043 | D:3      | Found a transporter.
  2043 | D:3      | Identified the +2 great mace "Death Rattle" {elec, +Blink
                  | rPois Int-5 Dex-2}
  2043 | D:3      | Noticed an ogre
  2044 | D:3      | Noticed an ogre
  2046 | D:3      | Noticed an ogre
  2165 | D:3      | Found Acriugu's Magic Scroll Boutique.
  2360 | D:3      | Bought a scroll of poison for 56 gold pieces
  2360 | D:3      | Bought a scroll of identify for 28 gold pieces
  2360 | D:3      | Bought a scroll of identify for 28 gold pieces
  2360 | D:3      | Bought a scroll of identify for 28 gold pieces
  2360 | D:3      | Bought a scroll of identify for 28 gold pieces
  2416 | D:3      | Slain by lonewolfV2's ghost

Illustrated notes

Levels and vault maps discovered:
D:1:      scummos_arrival_forest, layout_basic,
          shapermc_ecumenical_altar_pompeii, roderic_roman_lattice
D:2:      layout_basic, basic_altar, uniq_natasha, uniq_jessica
D:3:      layout_loops_ring, serial_shops, shop, gammafunk_ghost_smash,
          small_statue_intersection
D:4:      layout_gridville, grunt_decor_resistance

Skill      XL: |  1  2  3  4  5 |
---------------+----------------+-----
Armour         | 3 |  3.8
Dodging        | 2 |  2.3
Maces & Flails | 4 |  4.2
Fighting       | 4 |  4.0

Action                     |  1- 3 |  4- 6 || total
---------------------------+-------+-------++-------
  Melee: Mace              |   147 |    52 ||   199
    Use: Scroll            |       |     9 ||     9
 Armour: Animal skin       |    60 |     6 ||    66
         Leather armour    |       |     4 ||     4
  Dodge: Dodged            |   112 |    23 ||   135
